 Dungeon Crawl Stone Soup version 0.27.1-34-g3ba077fa99 (webtiles) character file.

Game seed: 3836519203317438697

5411 Descartes the Grappler (level 10, -2/81 (91) HPs)
             Began as a Troll Warper on Jan 9, 2022.
             Was a Priest of Qazlal.
             Slain by an orc warrior (14 damage)
             ... on level 8 of the Dungeon.
             The game lasted 00:17:00 (7552 turns).

Descartes the Grappler (Troll Warper)               Turns: 7552, Time: 00:17:01

HP:   -2/81 (91)    AC:  7    Str: 21    XL:     10   Next: 40%
MP:   0/13          EV: 13    Int: 12    God:    Qazlal [***...]
Gold: 468           SH:  4    Dex:  9    Spells: 2/15 levels left

rFire    + . .     SeeInvis .     - Unarmed
rCold    + . .     Faith    .   (no shield)
rNeg     . . .     Spirit   +   z - +2 robe {rC+ rF+}
rPois    .         Reflect  .   q - +0 hat
rElec    .         Harm     .   r - +0 cloak
rCorr    .         Rampage  .   (gloves unavailable)
Will     .....                  (boots unavailable)
Stlth    +.........             A - amulet of guardian spirit
HPRegen  1.23/turn              f - +4 ring of evasion
MPRegen  0.13/turn              j - ring of flight

@: flying, heavily drained
A: large, unfitting armour, claws 3, regeneration 1, shaggy fur 1, tough skin 1
a: Renounce Religion, Upheaval, Elemental Force


You were on level 8 of the Dungeon.
You worshipped Qazlal.
Qazlal was most pleased with you.
You visited 2 branches of the dungeon, and saw 10 of its levels.
You also visited: Ossuary.

You collected 468 gold pieces.

Inventory:

Hand Weapons
 a - a +2 falchion of holy wrath
 l - a +0 battleaxe
 n - a +0 giant club
 I - a +2 rapier of venom
Missiles
 c - 5 boomerangs of dispersal (quivered)
 g - 289 stones
 F - 5 boomerangs
 M - 27 sling bullets
Armour
 q - a +0 hat (worn)
 r - a +0 cloak (worn)
 z - a +2 robe of resistance (worn)
Jewellery
 d - a ring of protection from cold
 f - a +4 ring of evasion (left claw)
 j - a ring of flight (right claw)
 A - an amulet of guardian spirit (around neck)
 D - a +6 ring of dexterity
 K - a ring of protection from cold
Wands
 w - a wand of flame (19)
 N - a wand of iceblast (5)
 O - a wand of polymorph (8)
Scrolls
 b - 3 scrolls of blinking
 m - 5 scrolls of teleportation
 p - a scroll of enchant weapon
 v - 2 scrolls of noise
 y - a scroll of fear
 C - a scroll of enchant armour {unknown}
 G - 2 scrolls of immolation
 H - 3 scrolls of identify
 L - a scroll of holy word {unknown}
Potions
 e - 3 potions of curing
 h - a potion of resistance
 i - 2 potions of berserk rage
 k - 4 potions of might {unknown}
 o - a potion of degeneration {unknown}
 s - 2 potions of attraction {unknown}
 t - a potion of magic {unknown}
 u - a potion of ambrosia {unknown}
 x - 2 potions of heal wounds {unknown}
 B - a potion of haste
 E - a potion of flight {unknown}
 J - 2 potions of mutation {unknown}
 P - a potion of lignification {unknown}


   Skills:
 - Level 3.0 Fighting
 - Level 2.0 Axes
 - Level 5.0 Throwing
 - Level 1.9 Dodging
 + Level 9.6 Unarmed Combat
 - Level 3.0 Spellcasting
 + Level 7.4 Translocations
 + Level 1.3 Invocations


You had 2 spell levels left.
You knew the following spells:

 Your Spells              Type           Power      Damage    Failure   Level
a - Manifold Assault      Tloc           19%        N/A       32%         5
b - Blink                 Tloc           N/A        N/A       1%          2
c - Teleport Other        Tloc           19%        N/A       3%          3
d - Portal Projectile     Hex/Tloc       20%        N/A       16%         3

Your spell library contained the following spells:

 Spells                   Type           Power      Damage    Failure   Level
 Freeze                   Ice            4%         1d3       24%         1
 Magic Dart               Conj           4%         1d3       24%         1
 Call Imp                 Summ           1%         N/A       36%         2
 Gell's Gravitas          Tloc           9%         N/A       3%          3
 Lesser Beckoning         Tloc           9%         N/A       3%          3
 Call Canine Familiar     Summ           1%         N/A       58%         3
 Frozen Ramparts          Ice            2%         1d2       58%         3
 Ignite Poison            Fire/Tmut/Pois 1%         N/A       58%         3
 Mephitic Cloud           Conj/Pois/Air  1%         N/A       58%         3
 Animate Dead             Necr           0%         N/A       94%         4
 Hailstorm                Conj/Ice       1%         3d3       94%         4
 Leda's Liquefaction      Hex/Erth       0%         N/A       94%         4
 Bolt of Magma            Conj/Fire/Erth 0%         4d4       100%        5
 Borgnjor's Vile Clutch   Necr/Erth      0%         N/A       100%        5
 Death Channel            Necr           0%         N/A       100%        6


Dungeon Overview and Level Annotations

Branches:
Dungeon (9/15)             Temple (1/1) D:7         Ossuary (visited)
   Lair: D:8-11         Orc: D:9-12

Altars:
Ashenzari
Cheibriados
Dithmenos
Elyvilon
Fedhas
Gozag
Kikubaaqudgha
Nemelex Xobeh
Okawaru
Qazlal
Ru
Vehumet
Wu Jian
Xom
Yredelemnul
The Shining One

Shops:
D:2 :   D:5 (*

Annotations:
D:7 3 runed translucent doors, hitsuchi's ghost, novice DjWz


Innate Abilities, Weirdness & Mutations

You are too large for most types of armour.
You have claws for hands.
Your natural rate of healing is unusually fast.
You are covered in fur. (AC +1)
You have tough skin. (AC +1)


Message History

You closely miss the orc.
The orc is moderately wounded.
You block the orc's attack.
HP restored.
The orc completely misses you.
You fly upwards.
There is a stone staircase leading down here.
The orc warrior hits you with a +3 vorpal broad axe.
The orc hits you with a +0 flail.
The orc warrior hits you with a +3 vorpal broad axe!!
Items here: )) [ †.
The orc warrior hits you but does no damage.
You scratch the orc warrior but do no damage.
You closely miss the orc warrior. The orc warrior barely misses you.
You barely miss the orc warrior. You block the orc warrior's attack.
You scratch the orc warrior.
The orc warrior is moderately wounded.
The orc warrior closely misses you.
You scratch the orc warrior but do no damage.
The orc warrior is moderately wounded.
The orc warrior closely misses you.
You scratch the orc warrior.
The orc warrior is moderately wounded.
You closely miss the orc warrior.
You claw the orc warrior, but do no damage.
The orc warrior is moderately wounded.
The orc warrior hits you with a +3 vorpal broad axe!
You barely miss the orc warrior.
The orc warrior is moderately wounded.
The orc warrior hits you with a +3 vorpal broad axe!
You claw the orc warrior!
The orc warrior is almost dead.
The orc warrior hits you with a +3 vorpal broad axe!
You barely miss the orc warrior.
The orc warrior is almost dead.
The orc warrior hits you with a +3 vorpal broad axe!!
* * * LOW HITPOINT WARNING * * *
x2 You barely miss the orc warrior.
The orc warrior is almost dead.
The orc warrior hits you with a +3 vorpal broad axe!
You die...

#.....#
#............
##...##
#.....#####..
#..#..# #.....# #..
#.###.# #.....# #..
#..#..# ###.### ##.
##....# #####.## #.
####.# #......###
#. ###########
#.###..#.....# #.
...#..[...#
#.@oo....#.#.# #.
##.#.####.#
#####........#####.
##.#.####.####
#....#.........
.)........<..#
#.>......######
##.#.####.##.#
#........# #..
...#.####.##.#
##.#...(.# #..
####......##.##
#.##.#.## #.. #
####.......#
#......# #.. #
###.####..#
###...## #..


You could see an orc warrior and an orc.

Vanquished Creatures
  A two-headed ogre (D:8)
  Pikel (D:6)
  An ugly thing (D:8)
  A troll (D:6)
  A wyvern (D:8)
  6 water moccasins
  4 orc warriors
  2 black bears
  An ice beast (D:5)
  4 ogres
  A necrophage (D:6)
  2 centaurs
  An elf zombie (Ossuary)
  A phantom (D:7)
  Blork the orc (D:4)
  5 bullfrogs
  A scorpion (D:4)
  A water moccasin skeleton (D:4)
  3 killer bees (Temple)
  4 howler monkeys
  4 centaur zombies
  3 human zombies (Ossuary)
  3 orc priests
  A hound (D:6)
  2 jellies
  A bullfrog skeleton (D:5)
  An orc wizard (D:7)
  Ijyb (D:4)
  An iguana (Temple)
  A hound zombie (Ossuary)
  3 mummies (Ossuary)
  A howler monkey zombie (D:7)
  Robin (D:2)
  8 gnolls
  7 adders
  2 shadow imps
  A white imp (D:6)
  2 ufetubi (D:6)
  3 adder zombies (Ossuary)
  2 worms (D:3)
  2 dart slugs (D:3)
  16 orcs
  6 bats
  9 endoplasms
  4 giant cockroaches
  3 gnoll zombies (Ossuary)
  19 goblins
  12 hobgoblins
  4 kobolds
  4 quokkas
  5 ball pythons
  2 frilled lizards
  2 goblin zombies (Ossuary)
  A hobgoblin zombie (Ossuary)
  6 jackal zombies (Ossuary)
  A kobold zombie (Ossuary)
  2 orc zombies (Ossuary)
  5 quokka zombies (Ossuary)
  5 rats
  3 rat zombies (Ossuary)
201 creatures vanquished.

Vanquished Creatures (others)
  A human (D:7)
  A goblin (D:3)
  A fungus (D:9)
  11 plants (D:9)
14 creatures vanquished.

Grand Total: 215 creatures vanquished

Notes
Turn   | Place    | Note
-------+----------+-------------------------------------------
     0 | D:1      | Descartes the Troll Warper began the quest for the Orb.
     0 | D:1      | Reached XP level 1. HP: 19/19 MP: 1/1
    46 | D:1      | Reached skill level 1 in Throwing
    70 | D:1      | Reached XP level 2. HP: 22/28 MP: 3/3
   178 | D:1      | Reached XP level 3. HP: 35/35 MP: 4/4
   434 | D:1      | Found a stormy altar of Qazlal.
   862 | D:2      | Found a shimmering altar of Xom.
   903 | D:2      | Found Gasiqak's Book Shoppe.
  1345 | D:2      | Reached XP level 4. HP: 42/42 MP: 5/5
  1628 | D:3      | Noticed Robin
  1682 | D:2      | Killed Robin
  1763 | D:3      | Noticed a black bear
  1793 | D:3      | Killed a black bear
  1794 | D:3      | Reached skill level 1 in Axes
  1794 | D:3      | Reached skill level 3 in Unarmed Combat
  1794 | D:3      | Reached XP level 5. HP: 27/50 MP: 6/6
  2047 | D:1      | Became a worshipper of Qazlal Stormbringer
  2323 | D:4      | Noticed an ogre
  2331 | D:4      | Killed an ogre
  2332 | D:4      | Reached XP level 6. HP: 39/59 MP: 8/8
  2395 | D:4      | Found a sand-covered staircase.
  2400 | Ossuary  | Entered an ossuary
  2478 | Ossuary  | Reached * piety under Qazlal
  2580 | Ossuary  | Reached XP level 7. HP: 63/67 MP: 9/9
  2756 | D:4      | Noticed Ijyb
  2776 | D:4      | Killed Ijyb
  2777 | D:4      | Reached skill level 4 in Unarmed Combat
  2927 | D:4      | Reached ** piety under Qazlal
  2943 | D:4      | Found a radiant altar of Vehumet.
  2973 | D:4      | Reached XP level 8. HP: 33/75 MP: 11/11
  3078 | D:4      | Noticed Blork the orc
  3086 | D:4      | Killed Blork the orc
  3110 | D:4      | Found an opulent altar of Gozag.
  3287 | D:4      | Found a basalt altar of Yredelemnul.
  3454 | D:5      | Entered Level 5 of the Dungeon
  3500 | D:5      | Found Bilaaka's Antique Weapon Shoppe.
  3697 | D:5      | Found Telil's General Store.
  3821 | D:5      | Learned a level 3 spell: Portal Projectile
  3825 | D:5      | Learned a level 3 spell: Teleport Other
  4080 | D:6      | Reached skill level 5 in Unarmed Combat
  4295 | D:6      | Noticed Pikel
  4317 | D:6      | Killed Pikel
  4318 | D:6      | Reached skill level 5 in Throwing
  4318 | D:6      | Reached skill level 6 in Unarmed Combat
  4415 | D:6      | Reached skill level 5 in Translocations
  4415 | D:6      | Reached XP level 9. HP: 81/81 MP: 12/12
  5098 | D:7      | Reached skill level 7 in Unarmed Combat
  5107 | D:7      | Noticed a troll
  5160 | D:6      | Killed a troll
  5291 | D:7      | Noticed a two-headed ogre
  5291 | D:7      | Noticed hitsuchi's ghost (novice DjWz)
  5293 | D:7      | Noticed a boulder beetle
  5313 | D:7      | Reached *** piety under Qazlal
  5388 | D:7      | Found an ornate altar of the Wu Jian Council.
  5421 | D:7      | Found an ancient bone altar of Kikubaaqudgha.
  5489 | D:7      | Found a staircase to the Ecumenical Temple.
  5498 | Temple   | Entered the Ecumenical Temple
  5720 | Temple   | Reached skill level 8 in Unarmed Combat
  5878 | D:7      | Found a large runed translucent door.
  5879 | D:7      | Found a large runed translucent door.
  6058 | D:7      | Found a runed translucent gate.
  6058 | D:7      | Found a runed translucent gate.
  6058 | D:7      | Found a runed translucent gate.
  6210 | D:7      | Found a stormy altar of Qazlal.
  6215 | D:7      | Found an iron altar of Okawaru.
  6535 | D:8      | Noticed a two-headed ogre
  6543 | D:8      | Killed a two-headed ogre
  6544 | D:8      | Reached XP level 10. HP: 77/91 MP: 10/13
  6572 | D:8      | Identified the -2 pair of boots of Pandemonium {Harm Drain
                  | rPois}
  6584 | D:8      | Reached skill level 9 in Unarmed Combat
  6686 | D:8      | Noticed a brown ugly thing
  6699 | D:8      | Killed a brown ugly thing
  7057 | D:8      | Learned a level 2 spell: Blink
  7063 | D:8      | Learned a level 5 spell: Manifold Assault
  7387 | D:9      | Reached skill level 1 in Invocations
  7552 | D:8      | Slain by an orc warrior

Illustrated notes

Levels and vault maps discovered:
D:1:      dpeg_arrival_water_altar, layout_rooms, amcnicky_mini_pool_small
D:2:      kennysheep_six_static_rooms, layout_basic, basic_altar, serial_shops,
          shop
D:3:      layout_rooms, uniq_robin
D:4:      layout_loops_ring, grunt_gozag_statues,
          mainiacjoe_overflow_small_starburst, lemuel_crystal_altar,
          enter_ossuary_2, uniq_blork_the_orc, uniq_ijyb
D:5:      layout_gridville, serial_shops, shop_coins, nicolae_lakefront_shop
D:6:      layout_basic, uniq_pikel
D:7:      layout_basic, tgw_kikubaaqudgha, nicolae_wu_jian_glorious_leap,
          jmf_multi_god_temple2, minmay_temple_entry_crystal_x,
          gammafunk_ghost_split
D:8:      layout_loops_cross, hangedman_abyss_or_decor_stabs
D:9:      layout_roguey [special_room_orc], lemuel_crystal_altar, minitemple,
          minmay_lair_entry_grove
Temple:   nicolae_temple_figure_zero

Skill      XL: |  1  2  3  4  5  6  7  8  9 10 |
---------------+-------------------------------+-----
Throwing       | 1 2 3 5 |  5.0
Fighting       | 2 3 |  3.0
Axes           | 1 2 |  2.0
Unarmed Combat | 3 4 6 8 9 |  9.6
Spellcasting   | 2 3 |  3.0
Translocations | 3 5 6 7 |  7.4
Invocations    | 1 |  1.3
Dodging        | |  1.9

Action                   |  1- 3 |  4- 6 |  7- 9 | 10-12 || total
-------------------------+-------+-------+-------+-------++-------
Melee: Unarmed           |   118 |   221 |   363 |   108 ||   810
       Punch             |       |     2 |     4 |     3 ||     9
  Use: Scroll            |     1 |     4 |     4 |       ||     9
Armor: Robe              |    28 |    54 |    99 |    14 ||   195
Dodge: Dodged            |    51 |   176 |   242 |    52 ||   521
Block: Other             |       |     3 |    45 |    13 ||    61
